 Dungeon Crawl Stone Soup version 0.31-a0-700-gf13585253f (webtiles) character file.

Game seed: 9341650315136727325

1436 qw the Skirmisher (level 8, -14/51 HPs)
             Began as a Gargoyle Hunter on Sept 7, 2023.
             Was a Follower of Okawaru.
             Demolished by a two-headed ogre
             ... wielding a +0 giant spiked club
              (25 damage)
             ... on level 7 of the Dungeon.
             The game lasted 00:01:45 (4781 turns).

qw the Skirmisher (Gargoyle Hunter)                 Turns: 4781, Time: 00:01:46

Health: -14/51     AC: 12    Str: 15    XL:     8   Next: 73%
Magic:  8/10       EV: 15    Int: 10    God:    Okawaru [*.....]
Gold:   241        SH:  0    Dex: 21    Spells: 7/7 levels left

rFire   + . .        k - +1 orcbow
rCold   . . .        (shield currently unavailable)
rNeg    + . .        i - +0 ring mail
rPois   inf          (no helmet)
rElec   +            (no cloak)
rCorr   .            (no gloves)
SInv    .            (no boots)
Will    .....        (no amulet)
Stlth   +++          n - ring of protection from fire
HPRegen 0.28/turn    g - +6 ring of dexterity
MPRegen 0.12/turn

%: no passive effects
@: heroic
A: sickness immunity, AC +5, negative energy resistance 1, electricity
resistance, torment resistance 1, petrification resistance
a: Renounce Religion, Heroism


You were on level 7 of the Dungeon.
You worshipped Okawaru.
Okawaru was aware of your devotion.
You visited 2 branches of the dungeon, and saw 8 of its levels.

You collected 367 gold pieces.
You spent 126 gold pieces at shops.


Innate Abilities, Weirdness & Mutations

You are immune to sickness and miasma.
Your stone body is resilient. (AC +5)
You are immune to poison.
You resist negative energy. (rN+)
You are resistant to electric shocks. (rElec)
You are resistant to unholy torment.
You are immune to petrification.


   Skills:
 - Level 6.0(11.0) Fighting
 - Level 9.0(14.0) Ranged Weapons
 - Level 2.3(7.3) Armour
 + Level 2.2(7.2) Dodging
 - Level 1.1(6.1) Stealth
 + Level 3.0 Invocations


You had 7 spell levels left.
You didn't know any spells.
Your spell library was empty.

Inventory:

Hand Weapons
 k - a +1 orcbow (weapon)
Armour
 i - a +0 ring mail (worn)
Jewellery
 c - a ring of willpower
 g - a +6 ring of dexterity (right hand)
 n - a ring of protection from fire (left hand)
Wands
 f - a wand of digging (2)
Scrolls
 b - 2 scrolls of identify
 h - a scroll of blinking {unknown}
Potions
 a - a potion of enlightenment
 d - 6 potions of curing
 e - a potion of might
 j - a potion of resistance
 l - a potion of mutation

Dungeon Overview and Level Annotations

Branches:
Dungeon (7/15)             Temple (1/1) D:5

Altars:
Ashenzari
Elyvilon
Gozag
Nemelex Xobeh
Okawaru
Qazlal
Trog
Uskayaw
Vehumet
Wu Jian
Xom
Yredelemnul
The Shining One

Shops:
D:1 *   D:3 !

Annotations:
D:6 3 runed translucent doors, qw's ghost, novice GrHs


Message History

m - a scroll of enchant weapon
4762 ||| SWAPPING to +0 orcbow.
k - a +0 orcbow (weapon)
4763 ||| DROPPING +3 shortbow.
You drop a +3 shortbow.
4764 ||| READING scroll of enchant weapon.
As you read the scroll of enchant weapon, it crumbles to dust.
Your +0 orcbow glows red for a moment.
4764 ||| ENCHANTING +0 orcbow.
A two-headed ogre, a troll and an orc wizard come into view.
The orc wizard is wielding a +1 dagger of venom.
Found a glowing helmet and a slimy spear.
The two-headed ogre shouts in stereo!
The troll shouts!
A sky beast comes into view.
A manticore comes into view.
Enter note:
4771 |||
Found retreat position at -2,2 (floor) with 0 blocking monsters and 1 monsters attacking at destination at distance 2
Enter note:
4771 ||| Stepping ~*~*~tactically~*~*~ (retreating).
You shoot an arrow. The arrow barely misses the orc wizard.
The orc wizard gestures at you while chanting.
The puff of flame hits you. You resist.
You shoot an arrow. The arrow hits the orc wizard!
The orc wizard is severely wounded.
The orc wizard hits you with a +1 dagger of venom.
You shoot an arrow. The arrow hits the orc wizard!
You kill the orc wizard!
Okawaru accepts your kill.
Your Invocations skill increases to level 3!
You start resting.
A troll is nearby!
4778 ||| INVOKING Heroism.
You gain the combat prowess of a mighty hero.
The troll misses you. The troll claws you! The troll misses you.
You shoot an arrow. The arrow closely misses the troll.
You shoot an arrow. The arrow hits the two-headed ogre!
The two-headed ogre is moderately wounded.
You shoot an arrow. The arrow hits the two-headed ogre!!
The two-headed ogre is heavily wounded.
The two-headed ogre hits you with a +0 giant spiked club!!
Ouch! That really hurt!
The two-headed ogre hits you with a +0 giant spiked club!!
You die...

.. HOT.###
#....T###
#..... ##O.###
.###.....
###@....#
........
###..#####..#
......#
###).#.# .Y.
#....#
###..#...# .
#.....
###..#...#.#
#.....
#..#...#...#
####.....
###..#...#.#
###..#....#
###..#...#
###....#...[#
###..#.#
###....#^#.>..#


You could see a two-headed ogre.

Vanquished Creatures
  Grinder (D:3)
  Sigmund (D:2)
  A water moccasin (D:7)
  A sky beast (D:7)
  A black bear (D:7)
  A centaur (D:7)
  An ogre (D:6)
  A phantom (D:5)
  2 scorpions (D:5)
  2 howler monkeys
  2 hounds (D:5)
  3 iguanas
  3 orc wizards
  3 adders
  A gnoll (D:6)
  2 shadow imps (D:5)
  An ufetubus (D:7)
  3 worms
  A dart slug (D:2)
  12 orcs
  5 ball pythons
  6 endoplasms
  6 giant cockroaches
  8 goblins
  4 hobgoblins
  3 jackals (D:1)
  2 quokkas
  9 bats
  2 frilled lizards
  7 kobolds
  6 rats
101 creatures vanquished.

Notes
Turn   | Place    | Note
-------+----------+-------------------------------------------
     0 | D:1      | qw the Gargoyle Hunter began the quest for the Orb.
     0 | D:1      | Reached XP level 1. HP: 12/12 MP: 1/1
     0 | D:1      | 0 ||| qw: Version: 0.3-a-76-g4403597
     0 | D:1      | 0 ||| qw: Game counter: 556
     0 | D:1      | 0 ||| qw: Melee chars always use a shield: true
     0 | D:1      | 0 ||| qw: God list: Okawaru
     0 | D:1      | 0 ||| qw: Allow faded altars: false
     0 | D:1      | 0 ||| qw: Do Orc after clearing Dungeon:15 true
     0 | D:1      | 0 ||| qw: Do second Lair branch before Depths: true
     0 | D:1      | 0 ||| qw: Lair rune preference: random
     0 | D:1      | 0 ||| qw: Goals: Normal
     0 | D:1      | 0 ||| PLANNING D:1-11
    89 | D:1      | Reached XP level 2. HP: 17/17 MP: 2/2
   110 | D:1      | Found Qemo's Assorted Antiques.
   128 | D:1      | 128 ||| SHOPLISTING black potion (23 gold, have 9).
   128 | D:1      | 128 ||| SHOPLISTING fuming blue potion (23 gold, have 9).
   128 | D:1      | 128 ||| SHOPLISTING fuming purple potion (23 gold, have 9).
   128 | D:1      | 128 ||| SHOPLISTING glowing ring mail (182 gold, have 9).
   128 | D:1      | 128 ||| SHOPLISTING pair of runed boots (195 gold, have 9).
   128 | D:1      | 128 ||| SHOPLISTING scroll labelled HUYGOATARA (26 gold,
                  | have 9).
   128 | D:1      | 128 ||| SHOPLISTING scroll labelled QEFUIMPINA (26 gold,
                  | have 9).
   128 | D:1      | 128 ||| SHOPLISTING scroll labelled REABUPLIHO (26 gold,
                  | have 9).
   328 | D:1      | Reached XP level 3. HP: 21/21 MP: 3/3
   701 | D:1      | 701 ||| UPGRADING to ring of willpower.
   702 | D:1      | 702 ||| READING scroll labelled QEFUIMPINA.
   703 | D:1      | 703 ||| READING scroll labelled EGRUUL JEIBUNE.
   704 | D:1      | 704 ||| READING scroll labelled ELU LEACIFOADA.
   705 | D:1      | 705 ||| DRINKING 2 black potions.
   715 | D:1      | 715 ||| DROPPING scroll of butterflies.
   716 | D:1      | 716 ||| DROPPING potion of ambrosia.
   782 | D:2      | 782 ||| STAIRDANCE
   785 | D:1      | Reached skill level 5 in Ranged Weapons
   971 | D:2      | Reached skill level 3 in Fighting
   971 | D:2      | Noticed Sigmund
   980 | D:2      | Killed Sigmund
   981 | D:2      | Reached skill level 6 in Ranged Weapons
   981 | D:2      | Reached XP level 4. HP: 15/28 MP: 4/4
   981 | D:2      | Reached XP level 5. HP: 17/32 MP: 5/5
  1702 | D:2      | Reached XP level 6. HP: 37/37 MP: 6/6
  1802 | D:2      | 1802 ||| READING 2 scrolls labelled MUMMIOPLIXEV.
  1803 | D:2      | 1803 ||| READING 2 scrolls of identify.
  1803 | D:2      | 1803 ||| IDENTIFYING fuming cyan potion
  1804 | D:2      | 1804 ||| DROPPING scroll of fear.
  1831 | D:3      | Identified the +9 dagger "Uxips" {freeze, *Rage +Blink
                  | rElec rCorr}
  1919 | D:3      | Noticed Grinder
  1938 | D:3      | 1938 ||| FLEEEEING.
  1940 | D:3      | 1940 ||| FLEEEEING.
  1947 | D:3      | HP: 9/37 [Grinder (5)]
  1949 | D:3      | HP: 4/37 [Grinder/nerve-wracking pain (4)]
  1950 | D:3      | Killed Grinder
  2097 | D:3      | Found Okemexyu's Distillery.
  2105 | D:3      | 2105 ||| BUYING potion of curing (42 gold).
  2105 | D:3      | Bought a potion of curing for 42 gold pieces
  2105 | D:3      | 2105 ||| BUYING potion of curing (42 gold).
  2105 | D:3      | Bought a potion of curing for 42 gold pieces
  2105 | D:3      | 2105 ||| BUYING potion of curing (42 gold).
  2105 | D:3      | Bought a potion of curing for 42 gold pieces
  2105 | D:3      | 2105 ||| SHOPLISTING potion of might (56 gold, have 52).
  2105 | D:3      | 2105 ||| SHOPLISTING potion of mutation (112 gold, have
                  | 52).
  2278 | D:3      | Found a faded altar of an unknown god.
  2335 | D:3      | Reached XP level 7. HP: 44/44 MP: 7/7
  2401 | D:4      | 2401 ||| STAIRDANCE
  2575 | D:4      | 2575 ||| READING scroll of enchant weapon.
  2575 | D:4      | 2575 ||| ENCHANTING +1 shortbow.
  2710 | D:4      | Reached skill level 7 in Ranged Weapons
  2859 | D:4      | 2859 ||| READING scroll labelled REUCEG VEYMPA.
  2860 | D:4      | 2860 ||| READING 2 scrolls of identify.
  2860 | D:4      | 2860 ||| IDENTIFYING coppery potion
  2868 | D:5      | Entered Level 5 of the Dungeon
  2916 | D:5      | 2916 ||| READING scroll of enchant weapon.
  2916 | D:5      | 2916 ||| ENCHANTING +2 shortbow.
  3053 | D:5      | Found an opulent altar of Gozag.
  3323 | D:5      | Found a staircase to the Ecumenical Temple.
  3324 | D:5      | 3324 ||| PLANNING TEMPLE
  3324 | D:5      | 3324 ||| READING 2 scrolls of identify.
  3324 | D:5      | 3324 ||| IDENTIFYING fizzy red potion
  3333 | Temple   | Entered the Ecumenical Temple
  3334 | Temple   | 3334 ||| PLANNING OKAWARU WORSHIP
  3355 | Temple   | Became a worshipper of Warmaster Okawaru
  3356 | Temple   | 3356 ||| PLANNING D:1-11
  3484 | D:5      | 3484 ||| FLEEEEING.
  3485 | D:5      | 3485 ||| FLEEEEING.
  3486 | D:5      | 3486 ||| FLEEEEING.
  3487 | D:5      | 3487 ||| FLEEEEING.
  3499 | D:5      | Reached skill level 8 in Ranged Weapons
  3499 | D:5      | Reached XP level 8. HP: 45/50 MP: 8/8
  3552 | D:5      | Identified the +1 quarterstaff of Xumaerax {protect, rC+
                  | Will+ rCorr Int-4}
  3801 | D:5      | 3801 ||| UPGRADING to +0 ring mail.
  3811 | D:5      | 3811 ||| DROPPING +0 leather armour.
  3812 | D:5      | 3812 ||| UPGRADING to +6 ring of dexterity.
  3904 | D:6      | Found a runed translucent gate.
  3905 | D:6      | Found a runed translucent gate.
  3905 | D:6      | Found a runed translucent gate.
  3908 | D:6      | Noticed qw's ghost (novice GrHs)
  4153 | D:6      | Found a bloodstained altar of Trog.
  4535 | D:6      | 4535 ||| UPGRADING to ring of protection from fire.
  4537 | D:6      | 4537 ||| READING 2 scrolls labelled YLISHR XOITUGEDD.
  4538 | D:6      | 4538 ||| READING scroll labelled NAROSONKOI.
  4583 | D:6      | 4583 ||| DRINKING 2 inky potions.
  4584 | D:6      | 4584 ||| READING 5 scrolls of identify.
  4584 | D:6      | 4584 ||| IDENTIFYING ruby potion
  4585 | D:6      | 4585 ||| READING 4 scrolls of identify.
  4585 | D:6      | 4585 ||| IDENTIFYING fuming blue potion
  4586 | D:6      | 4586 ||| READING 3 scrolls of identify.
  4586 | D:6      | 4586 ||| IDENTIFYING clear potion
  4587 | D:6      | 4587 ||| DROPPING scroll of immolation.
  4588 | D:6      | 4588 ||| DROPPING potion of invisibility.
  4589 | D:6      | 4589 ||| DROPPING potion of degeneration.
  4702 | D:7      | Reached * piety under Okawaru
  4709 | D:7      | 4709 ||| Stepping ~*~*~tactically~*~*~ (outnumbered).
  4717 | D:7      | Reached skill level 9 in Ranged Weapons
  4717 | D:7      | Reached skill level 1 in Invocations
  4731 | D:7      | Reached skill level 6 in Fighting
  4762 | D:7      | 4762 ||| SWAPPING to +0 orcbow.
  4763 | D:7      | 4763 ||| DROPPING +3 shortbow.
  4764 | D:7      | 4764 ||| READING scroll of enchant weapon.
  4764 | D:7      | 4764 ||| ENCHANTING +0 orcbow.
  4770 | D:7      | Noticed a two-headed ogre
  4770 | D:7      | Noticed a troll
  4770 | D:7      | Noticed a manticore
  4771 | D:7      | 4771 ||| Stepping ~*~*~tactically~*~*~ (retreating).
  4775 | D:7      | Reached skill level 3 in Invocations
  4778 | D:7      | 4778 ||| INVOKING Heroism.
  4781 | D:7      | HP: 11/51 [two-headed ogre/+0 giant spiked club (30)]
  4781 | D:7      | Demolished by a two-headed ogre

Levels and vault maps discovered:
D:1:      dpeg_arrival_fog, layout_basic, serial_shops, nicolae_shop_statue_plus
D:2:      layout_basic, amethyst_killhole, uniq_sigmund
D:3:      layout_rooms, serial_shops, nicolae_shop_statue_plus,
          shapermc_ecumenical_altar_acropolis, nicolae_elevator_lobby_plus,
          uniq_grinder
D:4:      layout_rooms
D:5:      layout_loops_corners, overflow_temple_1_default,
          minmay_temple_entry_waves
D:6:      minmay_evil_eye, layout_basic, lemuel_coloured_pillars_altar,
          gammafunk_ghost_split
D:7:      minmay_the_grid_triangle_9x9_rhombus_thin
          [minmay_the_grid_triangle_9x9_sparse_checkered,
          minmay_the_grid_triangle_9x9_prize_schism,
          minmay_the_grid_triangle_9x9_limited_checkers,
          minmay_the_grid_triangle_9x9_intruding_spiral], layout_basic,
          enter_bailey_4
Temple:   chequers_temple_sunken

Skill      XL: |  1  2  3  4  5  6  7  8 |
---------------+-------------------------+-----
Ranged Weapons | 6 8 9 |  9.0
Fighting       | 3 5 6 |  6.0
Dodging        | 2 |  2.2
Armour         | 2 |  2.3
Invocations    | 3 |  3.0
Stealth        | |  1.1

Action                     |  1- 3 |  4- 6 |  7- 9 || total
---------------------------+-------+-------+-------++-------
   Fire: Shortbow          |   114 |    95 |   160 ||   369
         Orcbow            |       |       |     6 ||     6
 Invoke: Heroism           |       |       |     1 ||     1
    Use: Scroll            |     3 |     2 |    11 ||    16
         Potion            |     1 |       |     1 ||     2
 Armour: Leather armour    |    17 |    22 |    26 ||    65
         Ring mail         |       |       |    33 ||    33
  Dodge: Dodged            |    22 |     8 |    53 ||    83

Table legend:
 A = Non-vault XP
 B = Vault XP
 C = Vault XP percentage of total XP
 D = Non-vault monster count
 E = Vault monster count
 F = Vault count percentage of total count
                 A         B        C        D         E       F
            +---------+---------+-------+---------+---------+-------
      Total |     966 |    1086 |  52.9 |      92 |       9 |   8.9
            +---------+---------+-------+---------+---------+-------
        D:1 |      40 |       0 |   0.0 |      24 |       0 |   0.0
        D:2 |      66 |     214 |  76.4 |      28 |       1 |   3.4
        D:3 |      62 |     277 |  81.7 |      12 |       1 |   7.7
        D:4 |      56 |       0 |   0.0 |       9 |       0 |   0.0
        D:5 |     509 |       0 |   0.0 |      14 |       0 |   0.0
        D:6 |     225 |      27 |  10.7 |       4 |       2 |  33.3
        D:7 |       8 |     568 |  98.6 |       1 |       5 |  83.3
            +---------+---------+-------+---------+---------+-------
